 Dungeon Crawl Stone Soup version 0.16-a0-3061-g1c4ddba (webtiles) character file.

6160 Kemay the Covert (level 10, -5/44 HPs)
             Began as a Spriggan Enchanter on Dec 10, 2014.
             Was a Follower of Kikubaaqudgha.
             Killed from afar by an electric eel (7 damage)
             ... with a bolt of electricity
             ... on level 11 of the Dungeon.
             The game lasted 01:03:17 (12004 turns).

Kemay the Covert (Spriggan Enchanter)              Turns: 12004, Time: 01:03:18

Health: -5/44      AC:  4    Str:  9    XL:     10   Next: 60%
Magic:  34/39      EV: 22    Int: 21    God:    Kikubaaqudgha [*.....]
Gold:   504        SH:  5    Dex: 16    Spells: 5 memorised, 15 levels left

rFire  . . .     SeeInvis +     B - +2 dagger (speed)
rCold  + . .     Clarity  .     p - +1 robe {rC+}
rNeg   . . .     SustAb   .     D - +0 buckler
rPois  .         Gourm    .     (helmet restricted)
rElec  .         Spirit   .     b - +0 cloak
rCorr  .         Warding  .     (gloves unavailable)
rMut   +         Stasis   .     (boots unavailable)
MR     +....                    L - amulet of resist mutation
Stlth  ++++++....               E - ring of magical power
                                f - +5 ring of strength

@: very quick, somewhat resistant to hostile enchantments, very stealthy
A: unfitting armour, see invisible, herbivore 3, speed 3, slow metabolism 2
a: Receive Corpses, Renounce Religion


You were on level 11 of the Dungeon.
You worshipped Kikubaaqudgha.
Kikubaaqudgha was aware of your devotion.
You were not hungry.

You visited 2 branches of the dungeon, and saw 12 of its levels.

You collected 504 gold pieces.

Inventory:

Hand weapons
 a - a +0 blowgun
 B - a +2 dagger of speed (weapon)
Missiles
 u - 13 poisoned needles
Armour
 b - a +0 cloak (worn)
 p - a +1 robe of cold resistance (worn)
 D - a +0 buckler (worn)
Magical staves
 K - an uncursed staff of earth
Jewellery
 f - a +5 ring of strength (left hand)
 w - an uncursed ring of flight
 A - an uncursed ring of fire
 E - a ring of magical power (right hand)
 L - an amulet of resist mutation (around neck)
Magical devices
 o - a wand of hasting (4)
 r - a wand of frost (15)
 s - a wand of lightning (7)
 v - a wand of lightning (6)
 C - a wand of paralysis (10)
 H - a wand of random effects (15)
Scrolls
 g - 4 scrolls of teleportation
 h - 5 scrolls of magic mapping
 y - 2 scrolls of fog
 F - 2 scrolls of amnesia
 I - a scroll of enchant armour {unknown}
 J - a scroll of remove curse
Potions
 e - 2 potions of haste
 i - 2 potions of flight
 j - 4 potions of curing
 k - 3 potions of heal wounds
 l - 2 potions of cure mutation
 m - 2 potions of ambrosia
 n - 3 potions of invisibility
 t - a potion of lignification
 x - 3 potions of might
 G - 2 potions of brilliance {unknown}
Books
 c - a book of Maledictions

   Spells                             Type                      Level
   a - Corona                         Hexes                        1
   b - Sure Blade                     Hexes/Charms                 2
   c - Ensorcelled Hibernation        Hexes/Ice                    2
   d - Confuse                        Hexes                        3
   e - Dazzling Spray                 Conjuration/Hexes            3
   f - Enslavement                    Hexes                        4
 q - the Catalogue of Conjuration and Flames
   (You found it on level 5 of the Dungeon)

   Spells                             Type                      Level
   a - Throw Flame                    Conjuration/Fire             2
   b - Searing Ray                    Conjuration                  2
   c - Bolt of Draining               Conjuration/Necromancy       5
   d - Fireball                       Conjuration/Fire             5
 M - Kikubaaqudgha's Collected Works on Evil Magic
   (Kikubaaqudgha gifted it to you on level 10 of the Dungeon)

   Spells                             Type                      Level
   a - Pain                           Necromancy                   1
   b - Corpse Rot                     Necromancy                   2
   c - Sublimation of Blood           Necromancy                   2
   d - Vampiric Draining              Necromancy                   3
   e - Control Undead                 Necromancy                   4
Miscellaneous
 N - a fan of gales
Comestibles
 d - 10 bread rations
 z - a royal jelly


   Skills:
 - Level 6.1 Short Blades
 - Level 8.0 Dodging
 - Level 12.0 Stealth
 - Level 9.1 Spellcasting
 + Level 9.4 Hexes
 * Level 4.9 Necromancy
 - Level 4.0 Evocations


You had 15 spell levels left.
You knew the following spells:

 Your Spells              Type           Power        Failure   Level  Hunger
a - Corona                Hex            #####..      1%          1    None
b - Ensorcelled Hibernat  Hex/Ice        ####..       1%          2    None
c - Confuse               Hex            #####...     1%          3    None
d - Bolt of Draining      Conj/Necr      ###.......   86%         5    #####..
e - Pain                  Necr           ####         1%          1    None


Dungeon Overview and Level Annotations

Branches:
Dungeon (11/15)            Temple (1/1) D:5
   Lair: D:8-11         Orc: D:9-12

Altars:
Ashenzari
Cheibriados
Dithmenos
Elyvilon
Fedhas
Gozag
Kikubaaqudgha
Makhleb
Nemelex Xobeh
Okawaru
Qazlal
Ru
Sif Muna
Trog
Vehumet
Xom
Yredelemnul
Zin
The Shining One

Annotations:
D:11 Chiseanne's ghost, powerful DsWn


Innate Abilities, Weirdness & Mutations

You are tiny and cannot use many weapons and most armour.
You have supernaturally acute eyesight.
You are a herbivore.
You cover ground extremely quickly.
You need consume almost no food.


Message History

The electric eel looks drowsy...
A troll comes into view.
The electric eel shoots out a bolt of lightning at you!
The bolt of electricity hits you! x2
* * * LOW HITPOINT WARNING * * *
The helpless electric eel fails to defend itself.
You skewer the electric eel like a kebab!!!!
You kill the electric eel!
Kikubaaqudgha accepts your kill.
You hear a splash.
A hound comes into view.
A wolf comes into view.
A hound comes into view.
The electric eel shoots out a bolt of lightning at you!
The bolt of electricity hits you!
* * * LOW HITPOINT WARNING * * *
The electric eel shoots out a bolt of lightning at you!
The bolt of electricity hits you!
You die...
Kikubaaqudgha rasps: "You have failed me!
Welcome... death!"

. #.)..# ....#
#)#.## ..≈..#
#.#.# ####
≈≈....# ###.#.#
#<.. ≈≈.≈≈≈.#
#<....# #.##
h≈≈≈≈...# #.#.###
#.# ≈≈h≈.≈..##
#.#.# #.#
.≈≈≈≈....###.#.#
#..
≈hh≈≈.≈...@...#.#
##.
≈≈≈;≈≈...####.#.#
. ≈≈≈;.....#
#.#.# #.
≈≈≈.≈..†.# #.#.#
≈≈%.....# #.#.#
.######## #.# #.#
#.# .


You could see 2 hounds and 2 electric eels.

Vanquished Creatures
  Erolcha (D:9)
  Pikel (D:4)
  A centaur zombie (D:11)
  Joseph (D:9)
  A troll (D:10)
  A spriggan (D:7)
  A vampire (D:10)
  Edmund (D:9)
  4 orc warriors
  A sky beast (D:8)
  3 ice beasts
  4 slaves (D:4)
  3 phantoms
  A necrophage (D:7)
  3 big kobolds
  5 giant frogs
  3 ogres
  A gnoll sergeant (D:9)
  Blork the orc (D:8)
  A scorpion (D:4)
  10 killer bees (D:10)
  5 wights (D:5)
  An electric eel (D:11)
  3 crimson imps
  A giant frog skeleton (D:9)
  2 hounds (D:4)
  Crazy Yiuf (D:5)
  3 jellies
  8 orc wizards
  An orc priest (D:11)
  2 iguanas
  A killer bee zombie (D:10)
  11 worker ants
  A hound skeleton (D:4)
  2 worker ant zombies (D:5)
  16 adders
  4 gnolls (D:9)
  2 shadow imps
  A giant mite (D:5)
  4 worms
  An adder skeleton (D:8)
  3 giant geckos
  48 orcs
  17 bats
  2 bat skeletons
  13 hobgoblins
  23 kobolds
  3 quokkas
  8 giant cockroaches
  A giant newt (D:6)
  A giant spore (D:9)
  12 goblins
  4 jackals (D:9)
  A jackal zombie (D:8)
  A quokka skeleton (D:8)
  A quokka zombie (D:6)
  17 rats
  13 ballistomycetes (D:9)
  A plant (D:5)
287 creatures vanquished.

Notes
Turn   | Place    | Note
--------------------------------------------------------------
     0 | D:1      | Kemay, the Spriggan Enchanter, began the quest for the Orb.
     0 | D:1      | Reached XP level 1. HP: 9/9 MP: 4/4
   282 | D:1      | Reached skill level 5 in Stealth
   505 | D:1      | Reached XP level 2. HP: 13/13 MP: 7/7
  1073 | D:2      | Learned a level 2 spell: Ensorcelled Hibernation
  1413 | D:2      | Reached XP level 3. HP: 16/16 MP: 1/10
  1432 | D:2      | Found an opulent altar of Gozag.
  1471 | D:2      | Reached skill level 6 in Stealth
  1926 | D:3      | Found a deep blue altar of Sif Muna.
  1975 | D:3      | Reached skill level 7 in Stealth
  1975 | D:3      | Reached XP level 4. HP: 21/21 MP: 6/13
  2225 | D:3      | Reached skill level 8 in Stealth
  2251 | D:3      | Learned a level 3 spell: Confuse
  2549 | D:3      | Reached XP level 5. HP: 19/24 MP: 9/16
  2575 | D:3      | Gained mutation: You can translocate small distances at will. [potion of mutation]
  2575 | D:3      | Gained mutation: You are dopey. (Int -2) [potion of mutation]
  2575 | D:3      | Gained mutation: You are somewhat resistant to further mutation. [potion of mutation]
  2576 | D:3      | Lost mutation: You can translocate small distances at will. [potion of cure mutation]
  2576 | D:3      | Lost mutation: You are somewhat resistant to further mutation. [potion of cure mutation]
  2576 | D:3      | Lost mutation: You are dopey. (Int -2) [potion of cure mutation]
  3076 | D:4      | Noticed a phantom
  3135 | D:4      | Noticed an ogre
  3137 | D:4      | Killed an ogre
  3137 | D:4      | Reached XP level 6. HP: 28/28 MP: 18/18
  3309 | D:4      | Reached skill level 5 in Short Blades
  3485 | D:4      | Noticed a phantom
  3490 | D:4      | Killed a phantom
  3590 | D:4      | Reached XP level 7. HP: 32/32 MP: 20/20
  3649 | D:4      | Noticed a slave
  3649 | D:4      | Noticed a slave
  3650 | D:4      | Noticed a slave
  3670 | D:4      | Killed a slave
  3806 | D:4      | Noticed a slave
  3812 | D:4      | Killed a slave
  3816 | D:4      | Killed a slave
  3818 | D:4      | Killed a slave
  3869 | D:4      | Noticed Pikel
  3884 | D:4      | Killed Pikel
  3884 | D:4      | Reached skill level 10 in Stealth
  3884 | D:4      | Reached skill level 5 in Spellcasting
  3884 | D:4      | Reached skill level 5 in Hexes
  3884 | D:4      | Reached XP level 8. HP: 24/36 MP: 4/24
  4153 | D:5      | Entered Level 5 of the Dungeon
  4665 | D:5      | Noticed Crazy Yiuf
  4675 | D:5      | Killed Crazy Yiuf
  4866 | D:5      | Found a blossoming altar of Fedhas.
  4923 | D:5      | Identified the Catalogue of Conjuration and Flames (You found it on level 5 of the Dungeon)
  5000 | D:5      | Learned a level 5 spell: Bolt of Draining
  5669 | D:6      | Reached skill level 11 in Stealth
  6136 | D:6      | Found a blossoming altar of Fedhas.
  6852 | D:7      | Reached skill level 5 in Dodging
  6978 | D:7      | Reached XP level 9. HP: 33/39 MP: 21/27
  7714 | D:7      | Reached skill level 1 in Evocations
  8279 | D:5      | Found a staircase to the Ecumenical Temple.
  8287 | Temple   | Entered the Ecumenical Temple
  9358 | D:8      | Noticed Blork the orc
  9366 | D:8      | Killed Blork the orc
  9413 | D:9      | Reached skill level 12 in Stealth
  9501 | D:9      | Noticed Erolcha
  9531 | D:9      | Killed Erolcha
  9959 | D:9      | Noticed Edmund
  9972 | D:9      | Killed Edmund
 10086 | D:9      | Reached XP level 10. HP: 44/44 MP: 30/30
 10548 | D:9      | Found a shattered altar of Ashenzari.
 10552 | D:9      | Found a snail-covered altar of Cheibriados.
 10553 | D:9      | Found a blossoming altar of Fedhas.
 10553 | D:9      | Found a burning altar of Makhleb.
 10554 | D:9      | Found an ancient bone altar of Kikubaaqudgha.
 10558 | D:9      | Became a worshipper of Kikubaaqudgha
 10561 | D:9      | Found a basalt altar of Yredelemnul.
 10720 | D:9      | Noticed Joseph
 10724 | D:9      | Killed Joseph
 10960 | D:10     | Entered Level 10 of the Dungeon
 11098 | D:10     | Reached skill level 1 in Necromancy
 11159 | D:10     | Acquired Kikubaaqudgha's first power
 11159 | D:10     | Received a gift from Kikubaaqudgha
 11172 | D:10     | Identified Kikubaaqudgha's Collected Works on Evil Magic (Kikubaaqudgha gifted it to you on level 10 of the Dungeon)
 11175 | D:10     | Learned a level 1 spell: Pain
 11808 | D:11     | Noticed Chiseanne's ghost (powerful DsWn)
 12004 | D:11     | HP: 2/44 [electric eel/bolt of electricity (8)]
 12004 | D:11     | Killed from afar by an electric eel

Action                   |  1- 3 |  4- 6 |  7- 9 | 10-12 || total
-------------------------+-------+-------+-------+-------++-------
Melee: Dagger            |    81 |   106 |   369 |   212 ||   768
       Blowgun           |       |       |     4 |       ||     4
 Fire: Blowgun           |       |       |     1 |       ||     1
 Cast: Corona            |     8 |     2 |     3 |       ||    13
       Ensorcelled Hiber |    11 |    24 |    95 |    52 ||   182
       Confuse           |       |     2 |    41 |    11 ||    54
Evoke: Wand              |       |       |     1 |       ||     1
  Use: Scroll            |    13 |     2 |    13 |       ||    28
       Potion            |       |     3 |       |       ||     3
 Stab: Sleeping          |    18 |    31 |    89 |    44 ||   182
       Confused          |       |       |    21 |     9 ||    30
       Distracted        |       |       |     2 |     1 ||     3
  Eat: Bread ration      |       |     1 |     1 |       ||     2
